 Dungeon Crawl Stone Soup version 0.30.1-9-gdf580d7c3d (webtiles) character file.

Game seed: 15552461553068559648

1905 monsoonserge the Skirmisher (level 8, -3/42 HPs)
             Began as a Spriggan Hunter on Oct 17, 2023.
             Slain by a killer bee (7 damage)
             ... on level 7 of the Dungeon.
             The game lasted 00:23:43 (6142 turns).

monsoonserge the Skirmisher (Spriggan Hunter)       Turns: 6142, Time: 00:23:44

Health: -3/42      AC:  5    Str:  7    XL:     8   Next: 94%
Magic:  12/12      EV: 19    Int: 17    God:
Gold:   295        SH:  5    Dex: 20    Spells: 9/11 levels left

rFire   . . .        a - +0 shortbow
rCold   . . .        (shield currently unavailable)
rNeg    . . .        c - +0 robe
rPois   .            (helmet restricted)
rElec   .            A - +2 cloak {Stlth+}
rCorr   .            (gloves unavailable)
SInv    +            (boots unavailable)
Will    +....        u - amulet of reflection
Stlth   ++++         l - +6 ring of intelligence
HPRegen 0.27/turn    (no ring)
MPRegen 0.13/turn

%: reflection
@: lethally poisoned (-3 -> -14), about to teleport, very quick
A: very small, no large weapons, unfitting armour, see invisible, speed 3
a: no special abilities


You were on level 7 of the Dungeon.
You visited 1 branch of the dungeon, and saw 7 of its levels.
You also visited: Ossuary.

You collected 295 gold pieces.

Inventory:

Hand Weapons
 a - a +0 shortbow (weapon)
 d - a +0 vampiric whip
 G - a +0 sling
Missiles
 h - a throwing net
 t - 5 atropa-tipped darts
 F - 2 poisoned darts
Armour
 c - a +0 robe (worn)
 A - a +2 cloak of stealth (worn)
Magical Staves
 x - a staff of conjuration
 C - a staff of poison
Jewellery
 l - a +6 ring of intelligence (left hand)
 u - an amulet of reflection (around neck)
Wands
 q - a wand of mindburst (22)
 v - a wand of polymorph (3)
 B - a wand of roots (3)
 D - a wand of flame (20)
 E - a wand of charming (10)
Scrolls
 b - 2 scrolls of immolation
 e - a scroll of fog
 g - 4 scrolls of teleportation
 j - a scroll of enchant armour
 k - 4 scrolls of fear {unknown}
 m - 2 scrolls of enchant weapon
 n - a scroll of amnesia {unknown}
 p - a scroll of vulnerability {unknown}
 r - 3 scrolls of noise {unknown}
 y - a scroll of blinking {unknown}
Potions
 f - 2 potions of curing
 i - 4 potions of haste {unknown}
 o - a potion of heal wounds {unknown}
 s - a potion of might {unknown}
 w - 2 potions of brilliance {unknown}
 z - a potion of attraction {unknown}
 H - 2 potions of magic {unknown}


   Skills:
 * Level 4.6 Fighting
 + Level 10.2 Ranged Weapons
 + Level 4.0 Dodging
 - Level 3.0 Stealth
 * Level 2.0 Spellcasting
 * Level 2.7 Translocations
 - Level 2.0 Evocations


You had 9 spell levels left.
You knew the following spells:

 Your Spells              Type           Power      Damage    Failure   Level
a - Blink                 Tloc           20%        N/A       10%         2

Your spell library contained the following spells:

 Spells                   Type           Power      Damage    Failure   Level
 Apportation              Tloc           20%        N/A       6%          1
 Lesser Beckoning         Tloc           20%        N/A       10%         2
 Momentum Strike          Conj/Tloc      12%        3d8       17%         2
 Foxfire                  Conj/Fire      4%         2x1d4     19%         1
 Volatile Blastmotes      Fire/Tloc      12%        2d11      32%         3
 Dazzling Flash           Conj/Hex       2%         N/A       50%         3
 Iskenderun's Mystic Bla  Conj/Tloc      6%         2d4       73%         4
 Olgreb's Toxic Radiance  Pois           1%         N/A       88%         4
 Alistair's Intoxication  Tmut/Pois      0%         N/A       99%         5
 Fireball                 Conj/Fire      0%         3d3       99%         5
 Plasma Beam              Fire/Air       0%         2x1d11    100%        6
 Starburst                Conj/Fire      0%         6d3       100%        6
 Discord                  Hex            0%         N/A       100%        8
 Ignition                 Fire           0%         3d3       100%        8


Dungeon Overview and Level Annotations

Branches:
Dungeon (7/15)             Temple (0/1) D:7         Ossuary (visited)

Altars:
Wu Jian


Innate Abilities, Weirdness & Mutations

You are very small and have problems with some larger weapons.
You are too small for most types of armour.
You have supernaturally acute eyesight. (SInv)
You cover ground extremely quickly. (Speed+++)


Message History

The killer bee poisons you! The killer bee completely misses you.
Fire: a) +0 shortbow
Press: ? - help, Q - select action, (/) - cycle Shift-Dir - straight line, f/p - killer bee
Aim: a killer bee (47% to hit)
You shoot an arrow. The arrow hits the killer bee.
The killer bee is lightly wounded.
You feel very sick. The killer bee stings you!
You are more poisoned.
The killer bee poisons you!
The killer bee stings you but does no damage.
You block the killer bee's attack.
The killer bee stings you but does no damage.
The killer bee barely misses you.
The killer bee attacks as you move away!
The killer bee stings you but does no damage.
The killer bee attacks as you move away!
The killer bee closely misses you.
You feel sick.
The killer bee stings you but does no damage.
The killer bee stings you.
You are more poisoned.
The killer bee poisons you!
The killer bee attacks as you move away!
The killer bee completely misses you.
You feel sick. You block the killer bee's attack. The killer bee misses you.
Okay, then.
As you read the scroll of teleportation, it crumbles to dust.
You feel strangely unstable.
You feel very sick. The killer bee misses you. The killer bee stings you.
* * * LOW HITPOINT WARNING * * *
You block the killer bee's attack. The killer bee completely misses you.
The wight hits you with a +3 scimitar.
* * * LOW HITPOINT WARNING * * *
The killer bee completely misses you. The killer bee closely misses you.
The killer bee stings you.
* * * LOW HITPOINT WARNING * * *
A wight comes into view. It is wielding a +0 long sword.
The killer bee stings you!
You die...

........#.......o......
.....$.z.........<.##.#
...........##.....###.#
##.##...##..#z.....#...
##..##...##oo...........
..........z.............
..#....>z.[.............
......yyzozc............
....##y@y##.#.#....#....
..>.##...##[#.##.####...
......).....#...... #..
......#.#[.##..##... .#
......#....?#... ...
......#.#.#...
...#....###..## .####
..# ..


You could see a centaur, 4 killer bees, 6 wights and 3 orcs.

Vanquished Creatures
  A steam dragon (D:6)
  Duvessa (D:6)
  A water moccasin (D:6)
  5 ice beasts
  2 elf zombies (Ossuary)
  3 scorpions
  A wight (D:6)
  Dowan (D:6)
  A centaur zombie (Ossuary)
  A human zombie (Ossuary)
  4 orc priests
  A gnoll bouda (D:3)
  2 jellies (D:5)
  Crazy Yiuf (D:5)
  An iguana (D:5)
  4 orc wizards
  2 mummies (Ossuary)
  5 gnolls
  10 adders
  A shadow imp (D:6)
  An ufetubus (D:4)
  2 adder zombies (Ossuary)
  2 worms
  A dart slug (D:1)
  12 orcs
  9 ball pythons
  3 bats
  6 endoplasms
  3 hobgoblins
  8 kobolds
  2 frilled lizards
  8 goblins
  2 goblin zombies (Ossuary)
  11 hobgoblin zombies (Ossuary)
  9 kobold zombies (Ossuary)
  7 orc zombies (Ossuary)
  7 rats
  A rat zombie (Ossuary)
142 creatures vanquished.

Notes
Turn   | Place    | Note
-------+----------+-------------------------------------------
     0 | D:1      | monsoonserge the Spriggan Hunter began the quest for the
                  | Orb.
     0 | D:1      | Reached XP level 1. HP: 10/10 MP: 2/2
   227 | D:1      | Reached XP level 2. HP: 15/15 MP: 3/3
   492 | D:2      | Reached XP level 3. HP: 18/18 MP: 4/4
   507 | D:2      | Reached skill level 5 in Ranged Weapons
   690 | D:2      | Reached XP level 4. HP: 21/23 MP: 5/5
  1270 | D:3      | Noticed an ice beast
  1577 | D:3      | Reached skill level 6 in Ranged Weapons
  1577 | D:3      | Reached XP level 5. HP: 26/26 MP: 6/6
  1835 | D:3      | Killed an ice beast
  2037 | D:4      | Reached XP level 6. HP: 21/31 MP: 7/7
  2134 | D:4      | Reached skill level 7 in Ranged Weapons
  2703 | D:5      | Entered Level 5 of the Dungeon
  2832 | D:5      | Found a runed translucent door.
  2833 | D:5      | Noticed Crazy Yiuf
  2862 | D:5      | Noticed an ice beast
  2936 | D:5      | Killed an ice beast
  2937 | D:5      | Reached skill level 1 in Evocations
  2937 | D:5      | Reached XP level 7. HP: 35/35 MP: 8/8
  3343 | D:5      | Found an ornate altar of the Wu Jian Council.
  3545 | D:5      | Reached skill level 8 in Ranged Weapons
  3597 | D:5      | Killed Crazy Yiuf
  4184 | D:6      | Noticed a steam dragon
  4192 | D:6      | Killed a steam dragon
  4193 | D:6      | Reached skill level 9 in Ranged Weapons
  4193 | D:6      | Reached XP level 8. HP: 41/41 MP: 9/9
  4577 | D:6      | Noticed Dowan
  4579 | D:6      | Noticed Duvessa
  4587 | D:6      | Killed Dowan
  4861 | D:7      | Found a staircase to the Ecumenical Temple.
  4888 | D:7      | Found a sand-covered staircase.
  4902 | Ossuary  | Entered an ossuary
  5073 | Ossuary  | Learned a level 2 spell: Blink
  5146 | Ossuary  | Reached skill level 1 in Translocations
  5312 | Ossuary  | Reached skill level 1 in Spellcasting
  5642 | D:6      | Reached skill level 10 in Ranged Weapons
  6025 | D:6      | Killed Duvessa
  6142 | D:7      | Slain by a killer bee

Illustrated notes

Levels and vault maps discovered:
D:1:      psy_arrival_spokes, layout_basic
D:2:      minmay_spotlight, layout_rooms
D:3:      layout_loops_cross, chequers_arboretum, nicolae_grassy_gnolls
D:4:      layout_basic
D:5:      layout_loops_ring, kennysheep_little_box,
          chequers_serial_rivers_marsh, minivault_14, uniq_crazy_yiuf_cottage
D:6:      layout_gridville, uniq_duvessa
D:7:      layout_cave_pools, minmay_temple_entry_stoned_glass,
          nicolae_ossuary_entry_monument

Skill      XL: |  1  2  3  4  5  6  7  8 |
---------------+-------------------------+-----
Ranged Weapons | 5 6 7 9 10 | 10.2
Dodging        | 3 4 |  4.0
Fighting       | 2 3 4 |  4.6
Stealth        | 2 3 |  3.0
Evocations     | 1 2 |  2.0
Translocations | 2 |  2.7
Spellcasting   | 2 |  2.0

Action                     |  1- 3 |  4- 6 |  7- 9 || total
---------------------------+-------+-------+-------++-------
   Fire: Shortbow          |    89 |   175 |   352 ||   616
  Evoke: Wand              |       |       |     3 ||     3
    Use: Scroll            |       |     4 |     2 ||     6
         Potion            |       |       |     1 ||     1
 Armour: Robe              |     4 |     3 |    14 ||    21
  Dodge: Dodged            |    27 |    33 |    92 ||   152
  Block: Other             |       |     2 |    32 ||    34
         Reflection        |       |       |     5 ||     5
